 Dungeon Crawl Stone Soup version 0.28-a0-511-gcc94558de3 (webtiles) character file.

Game seed: 10944534658615530629

22 AlleluiaPinecone the Sneak (level 2, -1/15 HPs)
             Began as a Vine Stalker Brigand on Sept 21, 2021.
             Slain by a goblin (5 damage)
             ... led by Robin
             ... on level 2 of the Dungeon.
             The game lasted 00:02:18 (883 turns).

AlleluiaPinecone the Sneak (Vine Stalker Brigand)    Turns: 883, Time: 00:02:19

Health: -1/15      AC:  3    Str: 10 (13) XL:     2   Next: 91%
Magic:  0/3        EV: 11    Int:  9 (11) God:
Gold:   27         SH:  0    Dex: 13 (15) Spells: 1/1 levels left

rFire   . . .      SeeInvis .   a - +2 dagger
rCold   . . .      Faith    .   (no shield)
rNeg    . . .      Spirit   +   b - +0 robe
rPois   .          Reflect  .   (no helmet)
rElec   .          Harm     .   c - +0 cloak
rCorr   .          Rampage  .   (no gloves)
Will    .....                   (no boots)
Stlth   +++.......              (no amulet)
HPRegen 0.05/turn               (no ring)
MPRegen 0.08/turn               (no ring)

@: no status effects
A: fangs 2, magic shield, antimagic bite, no potion heal 2
a: no special abilities


You were on level 2 of the Dungeon.
You visited 1 branch of the dungeon, and saw 2 of its levels.

You collected 27 gold pieces.

Inventory:

Hand Weapons
 a - a +2 dagger (weapon)
Missiles
 d - 6 poisoned darts (quivered)
 e - 2 curare-tipped darts
Armour
 b - a +0 robe (worn)
 c - a +0 cloak (worn)
Wands
 f - a wand of mindburst (15)
Scrolls
 g - a scroll of enchant weapon {unknown}
 h - a scroll of noise {unknown}
 j - a scroll of identify {unknown}


   Skills:
 + Level 2.0 Fighting
 + Level 2.0 Short Blades
 - Level 1.9 Throwing
 - Level 0.7 Dodging
 * Level 5.5 Stealth


You had one spell level left.
You didn't know any spells.
Your spell library contained the following spells:

 Spells                   Type           Power      Damage    Failure   Level
 Freeze                   Ice            0%         1d3       38%         1
 Frozen Ramparts          Ice            0%         1d2       77%         3
 Hailstorm                Conj/Ice       0%         3d3       99%         4


Dungeon Overview and Level Annotations

Branches:
Dungeon (2/15)

Altars:

Annotations:
D:2 Robin


Innate Abilities, Weirdness & Mutations

You have extremely sharp teeth.
When hurt, damage is shared between your health and your magic reserves.
Your bite disrupts and absorbs the magic of your enemies.
Potions cannot restore your health.


Message History

Found a stone staircase leading up.
Robin closely misses you.
Items here: ( ))) ††.
You hit Robin but do no damage. You bite Robin. You drain their power.
Robin is lightly wounded.
You barely miss Robin.
The goblin shouts!
You bite Robin. You drain their power.
Robin is moderately wounded.
You hear a shout!
Robin hits you with a +0 dagger.
You hear a shout!
You hit Robin. Your bite misses Robin.
Robin is moderately wounded.
Robin hits you with a +0 dagger.
Sorry, you're not good enough to have a special ability.
It was a potion of degeneration.
There was something very wrong with that liquid.
You feel weakened.
You feel dopey.
You feel clumsy. Robin hits you with a +0 dagger.
Robin roars a battlecry!
The goblin goes into a battle-frenzy!
Robin says, "Feeling lonely?"
Robin throws the goblin at you! The goblin barely misses you.
You barely miss the goblin.
The goblin no longer looks unusually strong.
You hit the goblin.
The goblin is heavily wounded.
The goblin hits you with a +0 dagger. Robin throws the goblin at you!
You miss the goblin.
The goblin is heavily wounded.
The goblin barely misses you. x2
Robin roars a battlecry!
The goblin goes into a battle-frenzy!
You hit the goblin.
You kill the goblin!
The goblin hits you with a +0 club.
* * * LOW HITPOINT WARNING * * *
The goblin hits you with a +0 club.
You die...

..... ..# ..... #.#
.....## ..# g.(.... #..
......# #.# >.....# #.#
.##
?.....#########g###.<...
#...)..)..g.@.....#
#############.##### ...
.#.# .#.# .. # .# .#


You could see Robin and a goblin (strong).

Vanquished Creatures
  2 ball pythons (D:1)
  2 endoplasms (D:1)
  A giant cockroach (D:1)
  5 goblins
  5 hobgoblins
  A bat (D:1)
  A kobold (D:1)
17 creatures vanquished.

Notes
Turn   | Place    | Note
-------+----------+-------------------------------------------
     0 | D:1      | AlleluiaPinecone the Vine Stalker Brigand began the quest
                  | for the Orb.
     0 | D:1      | Reached XP level 1. HP: 11/11 MP: 2/2
    11 | D:1      | Found a faded altar of an unknown god.
   394 | D:1      | Reached skill level 5 in Stealth
   414 | D:1      | Reached XP level 2. HP: 15/15 MP: 3/3
   808 | D:2      | Noticed Robin
   883 | D:2      | Slain by a goblin

Illustrated notes

Levels and vault maps discovered:
D:1:      scummos_arrival_hexagon, layout_basic,
          hellmonk_ecumenical_altar_lost_god
D:2:      layout_basic, uniq_robin

Skill      XL: |  1  2 |
---------------+-------+-----
Stealth        | 5 |  5.5
Short Blades   | 2 |  2.0
Fighting       | 2 |  2.0
Throwing       | |  1.9
Dodging        | |  0.7

Action                   || total
-------------------------++-------
Melee: Dagger            ||    35
       Bite              ||     5
Throw: Dart              ||     7
  Use: Potion            ||     1
 Stab: Sleeping          ||     6
Armor: Robe              ||     3
Dodge: Dodged            ||    12

Table legend: (Time is in decaauts)
 A = Elapsed time spent in this place.
 B = Non-inter-level travel time spent in this place.
 C = Inter-level travel time spent in this place.
 D = Time resting spent in this place.
 E = Time spent auto-exploring this place.
 F = Levels seen in this place.
 G = Mean time per level.
                   A        B        C        D        E       F      G
               +--------+--------+--------+--------+--------+-----+--------+
         Total |    878 |    785 |     93 |      0 |    646 |   2 |  439.0 |
       Dungeon |    878 |    785 |     93 |      0 |    646 |   2 |  439.0 |
               +--------+--------+--------+--------+--------+-----+--------+

Top non-repeatable levels by time:
     D:1: 804 daAuts
     D:2: 73 daAuts
